Map: 2000 Atmospheres LE

Players

AHHHHHHHHH

  • Race: Zerg Zerg
  • League: Platinum
  • Spawn Location: 3:00

Warthog - Winner!

  • Race: Terran Terran
  • League: Gold
  • Spawn Location: 7:00

VOD

Have the link to the VOD?

Description

Time

  • Played on: Nov. 2, 2021, 5:07 p.m.
  • Length: 16:31
Show
View Real Time Build Order
Export as new Build Order

AHHHHHHHHH Zerg 

Build Orders: Hatch First 

Get SALT Encoding   

  12  0:09  Overlord  
  12  0:16  Drone  
  12  0:18  Drone  
  14  0:31  Drone  
  15  0:40  Drone  
  16  0:53  Hatchery  
  16  0:56  Drone  
  16  1:10  Overlord  
  16  1:11  Drone  
  16  1:18  Drone  
  18  1:35  Extractor  
  18  1:36  Overlord  
  17  1:41  Drone  
  18  2:04  Spawning Pool  
  18  2:05  Drone  
  18  2:06  Hatchery  
  17  2:09  Drone  
  17  2:13  Extractor  
  17  2:16  Drone  
  18  2:23  Drone  
  18  2:24  Drone  
  18  2:27  Drone  
  21  2:31  Drone  
  22  2:39  Overlord  
  22  2:45  Drone  
  22  2:48  Drone  
  24  2:55  Metabolic Boost  
  24  2:56  Drone  
  25  2:58  Drone  
  25  3:01  Drone  
  25  3:04  Drone  
  28  3:13  Queen  
  28  3:15  Queen  
  28  3:19  Queen  
  32  3:22  Zergling x2  
  32  3:26  Drone  
  32  3:27  Drone  
  37  3:33  Drone x2  
  39  3:35  Drone  
  39  3:37  Drone  
  41  3:42  Drone x2  
  43  4:03  Queen  
  43  4:05  Queen  
  47  4:14  Drone x4, Extractor  
  47  4:15  Drone, Extractor  
  50  4:17  Overlord x2  
  50  4:18  Overlord x2  
  50  4:28  Overlord  
  50  4:31  Lair  
  50  4:35  Extractor  
  50  4:37  Extractor  
  48  4:39  Pneumatized Carapace  
  48  4:40  Drone x7  
  55  4:56  Drone x2  
  55  4:57  Drone  
  58  5:03  Evolution Chamber x2  
  58  5:06  Evolution Chamber  
  55  5:16  Drone x3  
  55  5:17  Drone x3  
  61  5:24  Drone  
  61  5:25  Drone x10  
  72  5:31  Zerg Melee Weapons Level 1  
  72  5:32  Zerg Missile Weapons Level 1  
  72  5:36  Zerg Ground Armor Level 1  
  72  5:38  Overseer  
  72  5:39  Overseer  
  72  5:42  Overseer  
  72  5:52  Zergling x2  
  72  5:53  Zergling x14  
  79  6:07  Baneling Nest  
  79  6:10  Spore Crawler  
  77  6:22  Drone, Spire  
  77  6:23  Drone x8  
  85  6:26  Drone  
  85  6:27  Drone x2  
  88  6:39  Hatchery  
  83  6:52  Baneling x14  
  83  6:53  Baneling x2  
  63  6:54  Zergling x14  
  63  6:55  Zergling x8  
  70  7:05  Spine Crawler  
  70  7:06  Spine Crawler x2  
  70  7:08  Spine Crawler  
  66  7:10  Spine Crawler  
  47  7:29  Zergling x4  
  46  7:30  Zergling x8  
  46  7:40  Zergling x2  
  46  7:41  Zergling x2, Queen  
  46  7:44  Queen  
  50  7:51  Corruptor  
  50  7:52  Corruptor  
  49  8:13  Zergling x6  
  49  8:14  Zergling x2  
  53  8:21  Queen  
  53  8:23  Drone  
  53  8:24  Drone x2  
  58  8:27  Drone x2  
  60  8:42  Drone x2  
  62  8:49  Drone  
  62  8:50  Drone x2  
  62  8:52  Baneling  
  62  8:53  Baneling x5  
  62  8:54  Baneling  
  62  8:55  Baneling  
  65  9:07  Overlord x4  
  65  9:08  Extractor x2  
  63  9:10  Queen  
  60  9:26  Zergling x16  
  68  9:35  Drone  
  68  9:36  Drone x2  
  71  9:47  Drone  
  71  9:48  Drone x4  
  71  9:52  Hatchery  
  75  9:53  Zerg Melee Weapons Level 2, Zerg Missile Weapons Level 2, Zerg Ground Armor Level 2  
  75  9:57  Infestation Pit  
  75  9:59  Zerg Flyer Weapons Level 1  
  74  10:03  Overlord  
  74  10:04  Overlord x2  
  74  10:07  Baneling  
  71  10:18  Zergling x12  
  68  10:34  Zergling x18  
  68  10:35  Zergling x8  
  81  10:44  Hive  
  81  10:46  Zergling x8  
  81  10:49  Baneling x6  
  82  11:21  Corruptor  
  82  11:22  Corruptor x5  
  82  11:23  Corruptor  
  96  11:33  Drone  
  96  11:34  Drone x5  
  96  11:35  Drone  
  103  11:52  Baneling  
  103  11:53  Baneling x22  
  90  12:14  Mutalisk x4  
  90  12:15  Mutalisk x3  
  96  12:27  Zergling x2  
  96  12:28  Zergling x14  
  79  12:46  Zergling x12  
Show
View Real Time Build Order
Export as new Build Order

Warthog Terran - Winner!

Build Orders:  

Get SALT Encoding   

  12  0:00  SCV  
  13  0:12  SCV  
  14  0:17  Supply Depot  
  14  0:25  SCV  
  15  0:39  SCV  
  15  0:41  Barracks  
  16  0:47  Refinery  
  16  0:51  SCV  
  17  1:03  SCV  
  18  1:18  SCV  
  19  1:31  Orbital Command  
  19  1:32  Barracks Reactor  
  19  1:44  Command Center  
  18  1:57  Supply Depot  
  18  2:01  SCV  
  18  2:08  Marine x2  
  21  2:16  SCV  
  22  2:29  SCV  
  23  2:31  Barracks x2  
  23  2:32  Marine x2  
  25  2:43  SCV  
  26  2:48  Refinery  
  26  2:50  Marine x2  
  28  2:55  SCV  
  29  3:04  Orbital Command  
  29  3:08  Marine x2  
  29  3:10  SCV  
  32  3:20  Barracks Tech Lab x2  
  32  3:23  SCV  
  33  3:27  Marine x2  
  33  3:31  SCV  
  36  3:35  SCV  
  36  3:40  Factory  
  37  3:43  SCV  
  37  3:44  Stimpack  
  37  3:45  Marine x2  
  37  3:47  Combat Shield  
  40  3:52  SCV  
  40  3:55  SCV  
  42  3:57  Marine x2  
  44  4:03  Marine  
  44  4:04  SCV  
  44  4:07  Supply Depot x2  
  46  4:28  SCV, Marine  
  46  4:29  SCV, Starport  
  46  4:30  Supply Depot, Factory Reactor  
  46  4:31  Supply Depot  
  49  4:36  Marine x2  
  51  4:41  SCV x2  
  53  4:49  Engineering Bay  
  53  4:50  Marine x2  
  55  4:53  Supply Depot, SCV x2  
  57  5:01  Marauder  
  57  5:02  Marine  
  57  5:05  SCV x2  
  62  5:08  Marauder, Marine  
  62  5:13  Factory Tech Lab  
  65  5:20  SCV x2  
  67  5:23  Marine x2  
  67  5:24  Medivac  
  67  5:25  Medivac, Marine  
  74  5:29  Marine  
  74  5:31  Supply Depot  
  74  5:32  SCV x2  
  74  5:34  Supply Depot, Terran Infantry Weapons Level 1  
  77  5:44  SCV  
  78  5:51  Marine  
  78  5:53  SCV  
  78  5:54  Marine x3  
  78  5:55  Siege Tank  
  78  5:56  SCV, Medivac  
  89  6:05  SCV  
  89  6:08  SCV  
  89  6:09  Marine  
  92  6:12  Marine  
  92  6:17  SCV, Armory  
  92  6:18  Engineering Bay  
  94  6:22  Command Center  
  94  6:24  Refinery x2  
  94  6:25  Concussive Shells  
  94  6:26  Marine x2  
  94  6:27  Marine  
  94  6:29  SCV x2  
  94  6:30  Marine  
  100  6:41  SCV  
  100  6:44  Marine  
  102  7:06  Terran Infantry Armor Level 1  
  102  7:07  Supply Depot  
  102  7:08  Supply Depot  
  102  7:14  Medivac, Marine x4  
  100  7:16  Siege Tank  
  91  7:23  Barracks  
  91  7:24  Barracks  
  88  7:40  SCV  
  89  7:48  SCV  
  88  7:52  SCV  
  88  7:56  Terran Infantry Weapons Level 2  
  88  7:58  Terran Vehicle Weapons Level 1  
  85  7:59  Marine x4  
  85  8:00  SCV  
  85  8:01  Medivac, Siege Tank  
  85  8:04  SCV  
  94  8:16  Marine  
  94  8:17  Marauder, Marine  
  94  8:18  Marauder  
  100  8:20  Orbital Command  
  100  8:22  SCV x2  
  102  8:31  Barracks Reactor x2  
  102  8:34  SCV x2  
  102  8:35  Barracks Tech Lab  
  102  8:36  Barracks Reactor  
  102  8:37  Marine x2  
  102  8:38  Siege Tank, Marine x2  
  102  8:39  Medivac  
  102  8:40  Medivac  
  113  8:43  Supply Depot  
  113  8:45  Supply Depot  
  113  8:46  SCV, Refinery  
  113  8:47  Refinery  
  114  8:55  Factory, Marine x2  
  115  8:56  Marine x2  
  115  8:58  Factory  
  112  9:28  SCV x3  
  115  9:33  Terran Infantry Armor Level 2  
  115  9:36  Marine x3  
  115  9:37  Marine x4  
  115  9:38  Siege Tank  
  125  9:40  Supply Depot, SCV x3  
  125  9:43  Supply Depot  
  125  9:45  Factory Tech Lab x2  
  128  9:52  SCV  
  129  9:54  Marine x5  
  134  10:04  Supply Depot  
  134  10:08  Supply Depot  
  134  10:10  Siege Tank  
  137  10:27  Terran Infantry Weapons Level 3, Marine  
  137  10:28  Marine x6  
  144  10:29  Siege Tank x2  
  150  10:42  Siege Tank  
  153  10:45  Marine x7  
  160  10:50  Command Center  
  160  10:51  Barracks  
  160  10:52  Barracks  
  160  10:55  Barracks  
  160  11:01  Siege Tank x2  
  160  11:03  Marine x7  
  171  11:14  Siege Tank  
  173  11:21  Marine x7  
  173  11:25  Supply Depot x2  
  180  11:26  Terran Vehicle Weapons Level 2  
  180  11:38  Marine  
  180  11:39  Marine x6  
  187  11:56  Marine  
  187  11:57  Marine x6  
  194  12:14  Marine  
  190  12:49  Marine x7  
  188  13:06  Marine  
  188  13:07  Marine  
  188  13:22  Terran Infantry Armor Level 3  
  188  13:25  Planetary Fortress  
  188  13:30  Barracks Reactor x2  
  188  13:31  Barracks Reactor  
  188  13:36  Marine  
  188  13:37  Marine x6  
  188  13:38  Siege Tank  
  188  13:48  Command Center  
  188  15:21  Command Center  
  188  15:26  Command Center  
  188  15:31  Command Center  
  188  15:39  Command Center x2  
  188  15:42  Command Center  
  188  15:43  Command Center x2  
  188  15:47  Planetary Fortress  
Tags
 
Add a new tag
Caveats
  • Supply blocks, unpowered buildings, or Contaminate may cause inaccurate times.
  • Supply counts are checked every 10 seconds.